 Dungeon Crawl Stone Soup version 0.32-a0-306-gfed3edf829 (webtiles) character file.

Game seed: 9112218943504095338

319 Dittersdorf the Shield-Bearer (level 6, -1/39 HPs)
             Began as a Gargoyle Fighter on Feb 14, 2024.
             Slain by Sigmund
             ... wielding a +4 scythe
              (8 damage)
             ... on level 3 of the Dungeon.
             The game lasted 00:03:01 (2421 turns).

Dittersdorf the Shield-Bearer (Gargoyle Fighter)    Turns: 2421, Time: 00:03:01

Health: -1/39      AC: 16    Str: 22    XL:     6   Next: 46%
Magic:  15/15      EV:  9    Int: 10    God:
Gold:   112        SH:  4    Dex:  9    Spells: 5/5 levels left

rFire   . . .        a - +0 flail
rCold   + + .        c - +0 buckler
rNeg    + . .        b - +0 scale mail
rPois   ∞            m - +1 helmet "Mozucsez" {rC++ Int+2}
rElec   +            n - +0 cloak
rCorr   .            (no gloves)
SInv    .            s - +0 pair of boots
Will    +....        (no amulet) Stlth
                     f - ring of willpower
HPRegen 0.26/turn    h - ring of magical power
MPRegen 0.14/turn

%: no passive effects
@: no status effects
A: sickness immunity, AC +4, negative energy resistance 1, electricity
resistance, torment resistance 1, petrification resistance
a: no special abilities


You were on level 3 of the Dungeon.
You visited 1 branch of the dungeon, and saw 3 of its levels.

You collected 112 gold pieces.

Inventory:

Hand Weapons
 a - a +0 flail (weapon)
Armour
 b - a +0 scale mail (worn)
 c - a +0 buckler (worn)
 m - the +1 helmet "Mozucsez" (worn) {rC++ Int+2}
   (You took it off Robin on level 1 of the Dungeon)

   Int+2:     It affects your intelligence (+2).
   rC++:      It greatly protects you from cold.
 n - a +0 cloak (worn)
 s - a +0 pair of boots (worn)
Jewellery
 f - a ring of willpower (left hand)
 h - a ring of magical power (right hand)
Scrolls
 g - a scroll of enchant armour {unknown}
 j - a scroll of noise {unknown}
 l - 2 scrolls of identify {unknown}
 o - a scroll of fear {unknown}
 q - 3 scrolls of blinking {unknown}
 r - a scroll of silence {unknown}
 t - a scroll of enchant weapon {unknown}
Potions
 d - a potion of might
 e - a potion of lignification {unknown}
 i - 2 potions of mutation {unknown}
 k - 2 potions of curing {unknown}
 p - 3 potions of enlightenment {unknown}


   Skills:
 + Level 4.7 Fighting
 + Level 3.7 Maces & Flails
 + Level 4.7 Armour
 + Level 4.7 Shields


You had 5 spell levels left.
You didn't know any spells.
Your spell library contained the following spells:

 Spells                   Type           Power      Damage    Failure   Level
 Call Canine Familiar     Summ           0%         N/A       98%         3
 Sigil of Binding         Hex            0%         N/A       98%         3
 Dimensional Bullseye     Hex/Tloc       0%         N/A       100%        4


Dungeon Overview and Level Annotations

Branches:
Dungeon (3/15)

Altars:
Wu Jian

Annotations:
D:3 Sigmund


Innate Abilities, Weirdness & Mutations

You are immune to sickness and miasma.
Your stone body is resilient. (AC +4)
You are immune to poison.
You resist negative energy. (rN+)
You are resistant to electric shocks. (rElec)
You are resistant to unholy torment.
You are immune to petrification.


Message History

You barely miss Sigmund.
Sigmund is moderately wounded.
Sigmund hits you with a +4 scythe.
You completely miss Sigmund.
Sigmund is moderately wounded.
Sigmund hits you but does no damage.
You hit Sigmund but do no damage.
Sigmund is moderately wounded.
Sigmund points at you and mumbles some strange words.
The magic dart hits you but does no damage.
You barely miss Sigmund.
Sigmund is moderately wounded.
Sigmund points at you and mumbles some strange words.
The magic dart hits you but does no damage.
You hit Sigmund but do no damage.
Sigmund is moderately wounded.
Sigmund giggles. "Time to reap what you sow."
Sigmund hits you with a +4 scythe.
You sock Sigmund!
Sigmund is severely wounded.
Sigmund hits you with a +4 scythe.
You hit Sigmund but do no damage.
Sigmund is severely wounded.
Sigmund gestures wildly while chanting.
Sigmund flickers and vanishes!
Deactivating autopickup; reactivate with Ctrl-A.
No target in view!
No target in view!
No target in view!
No target in view!
No target in view!
You miss something. Something hits you!
You barely miss something. Something hits you but does no damage.
You hit something but do no damage. Something hits you!
* * * LOW HITPOINT WARNING * * *
You completely miss something. Something hits you.
* * * LOW HITPOINT WARNING * * *
You miss something. You hit something. Something hits you!
You die...

# # #
.## #
..# #
#.# #
#.# #
#{# #
#@# #
#.# .
##.##
#.# #
##...##
#.# .
#.....#
#.# ###
#
##...##
#.#
#..#.
##.##
#.#
#.#.#
#.# #.#
#.#.#
#.# #.#
#....


There were no monsters in sight!

Vanquished Creatures
  Pargi (D:3)
  Natasha (thrice) (D:3)
  Robin (D:1)
  2 adders (D:2)
  2 dart slugs (D:1)
  2 ribbon worms
  2 orcs (D:3)
  4 bats
  4 endoplasms
  A giant cockroach (D:3)
  16 goblins
  11 hobgoblins
  A quokka (D:1)
  2 ball pythons (D:1)
  5 frilled lizards
  6 kobolds
  3 rats
66 creatures vanquished.

Notes
Turn   | Place    | Note
-------+----------+-------------------------------------------
     0 | D:1      | Dittersdorf the Gargoyle Fighter began the quest for the
                  | Orb.
     0 | D:1      | Reached XP level 1. HP: 14/14 MP: 1/1
    93 | D:1      | Reached XP level 2. HP: 19/19 MP: 2/2
   340 | D:1      | Reached XP level 3. HP: 23/23 MP: 3/3
   812 | D:2      | Identified the +1 helmet "Mozucsez" {rC++ Int+2}
   812 | D:2      | Noticed Robin
   858 | D:1      | Reached XP level 4. HP: 26/29 MP: 4/4
   879 | D:1      | Killed Robin
  1317 | D:2      | Reached XP level 5. HP: 26/33 MP: 5/5
  1814 | D:3      | Found an ornate altar of the Wu Jian Council.
  1972 | D:3      | Noticed Pargi
  1994 | D:3      | Killed Pargi
  1995 | D:3      | Reached XP level 6. HP: 9/39 MP: 6/6
  2166 | D:3      | Noticed Natasha
  2173 | D:3      | Killed Natasha
  2252 | D:3      | Noticed Natasha
  2260 | D:3      | Killed Natasha
  2267 | D:3      | Noticed Natasha
  2275 | D:3      | Killed Natasha
  2393 | D:3      | Noticed Sigmund
  2421 | D:3      | Slain by Sigmund

Illustrated notes

Levels and vault maps discovered:
D:1:      dpeg_arrival_simpleton_a, layout_basic
D:2:      layout_loops_ring, minivault_23, uniq_robin
D:3:      layout_loops_ring, mainiacjoe_overflow_surrounded_room, uniq_pargi,
          uniq_sigmund, uniq_natasha

Skill      XL: |  1  2  3  4 |
---------------+-------------+-----
Shields        | 4 |  4.7
Fighting       | 4 |  4.7
Armour         | 4 |  4.7
Maces & Flails | 3 |  3.7

Action                     |  1- 3 |  4- 6 || total
---------------------------+-------+-------++-------
  Melee: Flail             |    90 |   203 ||   293
    Use: Potion            |       |     1 ||     1
 Armour: Scale mail        |    88 |   196 ||   284
  Dodge: Dodged            |    60 |   107 ||   167
  Block: Buckler           |    17 |    54 ||    71

Table legend: (Time is in decaauts)
 A = Elapsed time spent in this place.
 B = Non-inter-level travel time spent in this place.
 C = Inter-level travel time spent in this place.
 D = Time resting spent in this place.
 E = Time spent auto-exploring this place.
 F = Levels seen in this place.
 G = Mean time per level.
                   A        B        C        D        E       F      G
               +--------+--------+--------+--------+--------+-----+--------+
         Total |   2508 |   2410 |     98 |    242 |   1527 |   3 |  836.0 |
       Dungeon |   2508 |   2410 |     98 |    242 |   1527 |   3 |  836.0 |
               +--------+--------+--------+--------+--------+-----+--------+

Top non-repeatable levels by time:
     D:1: 1011 daAuts
     D:2: 816 daAuts
     D:3: 680 daAuts
